 Dungeon Crawl Stone Soup version 0.18-a0-1561-g7b1e397 (webtiles) character file.

554 MenacingMecha the Spear-Bearer (level 7, 0/50 HPs)
             Began as a Merfolk Gladiator on Mar 13, 2016.
             Killed by divine providence
             ... invoked by an orc priest
              (13 damage)
             ... on level 5 of the Dungeon.
             The game lasted 00:14:20 (4566 turns).

MenacingMecha the Spear-Bearer (Merfolk Gladiator)  Turns: 4566, Time: 00:14:20

Health: 0/50       AC:  9    Str: 17    XL:     7   Next: 30%
Magic:  7/7        EV: 12    Int:  8    God:
Gold:   273        SH:  0    Dex: 14    Spells: 0 memorised, 6 levels left

rFire  . . .     SeeInvis .     a - +0 trident
rCold  . . .     Gourm    .     z - +0 ring mail
rNeg   . . .     Faith    .     (no shield)
rPois  .         Spirit   .     c - +0 helmet
rElec  .         Dismiss  .     i - +0 cloak
rCorr  .         Reflect  .     t - +0 pair of gloves
SustAt .         Harm     .     s - +0 pair of boots
MR     .....                    (no amulet)
Stlth  +.........               (no ring)
                                F - ring of flight

@: not resistant to hostile enchantments, very unstealthy
A: change form in water, swift swim
a: Evoke Flight


You were on level 5 of the Dungeon.
You were hungry.

You visited 1 branch of the dungeon, and saw 5 of its levels.

You collected 273 gold pieces.

Inventory:

Hand Weapons
 a - a +0 trident (weapon)
 b - a +0 blowgun
Missiles
 d - a throwing net (quivered)
 y - 14 poisoned needles
Armour
 c - a +0 helmet (worn)
 i - a +0 cloak (worn)
 s - a +0 pair of boots (worn)
 t - a +0 pair of gloves (worn)
 z - a +0 ring mail (worn)
Jewellery
 F - a ring of flight (left hand)
 G - an uncursed amulet of regeneration {unknown}
Wands
 A - a wand of digging (12/24)
 D - a wand of iceblast (7/15)
 E - a wand of confusion (24/48)
Scrolls
 e - 4 scrolls of teleportation {unknown}
 j - a scroll of random uselessness {unknown}
 l - 4 scrolls of recharging {unknown}
 m - 4 scrolls of identify {unknown}
 p - 2 scrolls of remove curse {unknown}
 q - a scroll of enchant weapon {unknown}
 r - a scroll of blinking {unknown}
 x - 3 scrolls of fog {unknown}
 C - a scroll of amnesia {unknown}
 I - a scroll of noise {unknown}
Potions
 h - 2 potions of degeneration {unknown}
 n - a potion of brilliance {unknown}
 o - 2 potions of invisibility {unknown}
 u - a potion of curing {unknown}
 w - 3 potions of lignification {unknown}
 B - a potion of might {unknown}
 J - a potion of magic {unknown}
Comestibles
 f - 3 bread rations
 g - 11 fruits
 k - a royal jelly
 v - a meat ration
 H - a slice of pizza


   Skills:
 - Level 2.1 Fighting
 + Level 11.4 Polearms
 - Level 2.0 Throwing
 - Level 4.0 Dodging


You had 6 spell levels left.
You didn't know any spells.

Dungeon Overview and Level Annotations

Branches:
Dungeon (5/15)
 Temple: D:4-7

Altars:
Cheibriados
Fedhas
Kikubaaqudgha
Makhleb
Pakellas

Annotations:
D:4 Grinder


Message History

You closely miss the orc priest.
The orc priest is moderately wounded.
The orc priest hits you with a flail.
You hit the orc priest but do no damage.
The orc priest is moderately wounded.
You hit the orc priest but do no damage.
The orc priest is moderately wounded.
The orc priest invokes the aid of Beogh against you.
Beogh smites you!
* * * LOW HITPOINT WARNING * * *
You hit the orc priest.
The orc priest is heavily wounded.
The orc priest barely misses you.
You closely miss the orc priest.
The orc priest is heavily wounded.
You barely miss the orc priest.
The orc priest is heavily wounded.
The orc priest invokes the aid of Beogh against you.
Beogh smites you!
You die...

.....####### #..# #>#..# #..#
#.#..# ########### #..#
#.#..............#########..#
#.#.#####...................#
#.#.# #..###..##########.##
..#.# #...#............#
##_###..########## #...#)@.#
..# #.o#.# ##.....##.#
####.###.# #. #.# #. #.# o.
..# #. ### #.


You could see an orc priest.

Vanquished Creatures
  A phantom (D:4)
  A giant frog zombie (D:5)
  2 orc wizards (D:5)
  2 orc priests
  2 worker ants
  3 gnolls (D:3)
  2 howler monkey skeletons (D:4)
  A worker ant zombie (D:5)
  7 adders
  2 oozes
  An adder zombie (D:5)
  2 worms
  2 dart slugs
  2 giant geckos
  14 orcs
  10 bats
  4 giant cockroaches
  11 goblins
  11 hobgoblins
  9 jackals
  6 quokkas
  4 ball pythons
  2 giant newts
  9 kobolds
  9 rats
119 creatures vanquished.

Notes
Turn   | Place    | Note
--------------------------------------------------------------
     0 | D:1      | MenacingMecha the Merfolk Gladiator began the quest for the Orb.
     0 | D:1      | Reached XP level 1. HP: 16/16 MP: 1/1
    95 | D:1      | Reached skill level 5 in Polearms
   108 | D:1      | Reached XP level 2. HP: 22/22 MP: 2/2
   942 | D:2      | Reached skill level 6 in Polearms
   942 | D:2      | Reached XP level 3. HP: 27/27 MP: 3/3
  1197 | D:2      | Reached XP level 4. HP: 24/33 MP: 4/4
  1242 | D:2      | Reached skill level 7 in Polearms
  1350 | D:2      | Found an ancient bone altar of Kikubaaqudgha.
  1850 | D:3      | Reached skill level 8 in Polearms
  1850 | D:3      | Reached XP level 5. HP: 38/38 MP: 5/5
  2791 | D:3      | Reached skill level 9 in Polearms
  3004 | D:3      | Found a snail-covered altar of Cheibriados.
  3129 | D:3      | Reached XP level 6. HP: 44/44 MP: 6/6
  3427 | D:4      | Noticed a phantom
  3461 | D:4      | Killed a phantom
  3461 | D:4      | Reached skill level 10 in Polearms
  3539 | D:4      | Found a burning altar of Makhleb.
  3672 | D:4      | Noticed Grinder
  3672 | D:4      | Paralysed by Grinder for 3 turns
  3685 | D:4      | Paralysed by Grinder for 7 turns
  3935 | D:5      | Entered Level 5 of the Dungeon
  3996 | D:5      | Found a blossoming altar of Fedhas.
  4204 | D:5      | Reached XP level 7. HP: 44/50 MP: 7/7
  4220 | D:5      | Reached skill level 11 in Polearms
  4519 | D:5      | Found an oddly glowing altar of Pakellas.
  4566 | D:5      | Killed from afar by an orc priest

Vault maps used:
D:1:      dpeg_arrival_orchard
D:2:      lemuel_doored_altar
D:3:      wad_river_or_something, lemuel_crystal_altar
D:4:      lemuel_round_altar, minmay_close_crescents, uniq_sigmund, uniq_grinder
D:5:      grunt_pakellas_salt, first_bread, kennysheep_crisscross,
          fedhas_altar_fruit_tree

Skill      XL: |  1  2  3  4  5  6  7 |
---------------+----------------------+-----
Polearms       | 5 6 8 9 10 11 | 11.4
Fighting       | |  2.1
Throwing       | |  2.0
Dodging        | |  4.0

Action                   |  1- 3 |  4- 6 |  7- 9 || total
-------------------------+-------+-------+-------++-------
Melee: Trident           |   118 |   271 |    43 ||   432
 Fire: Blowgun           |       |    19 |     3 ||    22
Throw: Throwing net      |     3 |     6 |       ||     9
 Stab: Sleeping          |     1 |       |       ||     1
  Eat: Chunk             |     1 |    10 |       ||    11
